 Dungeon Crawl Stone Soup version 0.30-b1-2-g02819fbbbe (webtiles) character file.

Game seed: 17166787140485685796

42 Arcadio the Magician (level 3, -2/28 HPs)
             Began as a Djinni Fire Elementalist on May 17, 2023.
             Slain by a worm (8 damage)
             ... on level 3 of the Dungeon.
             The game lasted 00:03:41 (1563 turns).

Arcadio the Magician (Djinni Fire Elementalist)     Turns: 1563, Time: 00:03:41

Health: -2/28      AC:  2    Str:  7    XL:     3   Next: 77%
Gold:   65         EV: 12    Int: 18    God:
                   SH:  0    Dex: 13

rFire   + + .        i - +0 dagger
rCold   x . .        (no shield)
rNeg    . . .        a - +0 robe
rPois   ∞            (no helmet)
rElec   .            (no cloak)
rCorr   .            (no gloves)
SInv    +            (boots unavailable)
Will    .....        (no amulet)
Stlth   ++           b - ring of see invisible
HPRegen 0.24/turn    (no ring)
MPRegen 0.00/turn

%: infuse magic (-3 HP)
@: flying
A: sickness immunity, fire resistance 2, cold vulnerability 1, float, innate
caster, HP casting, extra vitality 1
a: no special abilities


You were on level 3 of the Dungeon.
You visited 1 branch of the dungeon, and saw 3 of its levels.

You collected 121 gold pieces.
You spent 56 gold pieces at shops.

Inventory:

Hand Weapons
 i - a +0 dagger (weapon)
Armour
 a - a +0 robe (worn)
 d - a +2 leather armour of poison resistance
Jewellery
 b - a ring of see invisible (left hand)
 g - a ring of positive energy
Scrolls
 e - a scroll of teleportation
 f - a scroll of torment
 h - a scroll of magic mapping
 m - a scroll of fear {unknown}
 r - a scroll of identify
Potions
 c - 2 potions of curing
 j - a potion of heal wounds
 k - a potion of attraction
 l - a potion of might {unknown}


   Skills:
 + Level 2.0 Fighting
 - Level 2.1 Dodging
 - Level 1.5 Stealth
 + Level 3.0 Spellcasting


You knew the following spells:

 Your Spells              Type           Power      Damage    Failure   Level
a - Foxfire               Conj/Fire      52%        2x1d6     4%          1
b - Scorch                Fire           26%        2d6       7%          2
c - Volatile Blastmotes   Fire/Tloc      26%        2d12      14%         3
d - Inner Flame           Hex/Fire       13%        N/A       14%         3
e - Flame Wave            Conj/Fire      13%        2d6       43%         4
f - Freeze                Ice            52%        1d6       4%          1
Your spell library was empty.

Dungeon Overview and Level Annotations

Branches:
Dungeon (3/15) Zot: 16437

Altars:

Shops:
D:2 ([?!


Innate Abilities, Weirdness & Mutations

You are immune to sickness and miasma.
You are immune to poison.
Your flesh is very heat resistant. (rF++)
You are vulnerable to cold. (rC-)
You float through the air rather than walking.
You learn spells naturally, not from books.
Your magical power is your life essence.
You have superior vitality. (+4 MHP)


Message History

Casting: Foxfire (safe; 4% risk of failure)
Confirm with . or Enter, or press ? or * to list all spells.
You conjure some foxfire!
The adder bites you.
Your foxfire dissipates!
Casting: Foxfire (safe; 4% risk of failure)
Confirm with . or Enter, or press ? or * to list all spells.
Flames lash the frilled lizard.
You kill the frilled lizard!
The adder bites you but does no damage. The adder bites you.
Casting: Scorch (safe; 8% risk of failure)
Confirm with . or Enter, or press ? or * to list all spells.
Flames lash the adder.
You kill the adder!
Your Fighting skill increases to level 2!
Your Spellcasting skill increases to level 3!
Casting: Scorch (safe; 7% risk of failure)
Confirm with . or Enter, or press ? or * to list all spells.
Flames lash the worm.
The worm is lightly wounded.
The worm's fire resistance burns away.
Casting: Scorch (safe; 7% risk of failure)
Confirm with . or Enter, or press ? or * to list all spells.
Flames lash the worm.
The worm is burned terribly!
The worm is almost dead.
The worm closely misses you.
Casting: Scorch (safe; 7% risk of failure)
Confirm with . or Enter, or press ? or * to list all spells.
Flames lash the ball python.
You kill the ball python!
Casting: Scorch (safe; 7% risk of failure)
Confirm with . or Enter, or press ? or * to list all spells.
Flames lash the worm.
The worm is burned terribly!
The worm is almost dead.
The worm barely misses you.
Casting: Scorch (safe; 7% risk of failure)
Confirm with . or Enter, or press ? or * to list all spells.
Flames lash the worm.
The worm is moderately wounded.
The worm's fire resistance burns away.
The worm bites you!
You die...

.... #. #.
........##.##..
.........#....## ## ...
..... ......... # .##....
..?... #.....# .#.......
...... #....# ........#
....$.##....# ##.......#
.......#....####(........
.........†..ww@..........
.....?#.########.........
..... #..................
.... #w.#######..........
.l. .!.. #.......... ..
..... ##........# .
.:..... #..........
######## #..........
#..........


You could see 2 worms.

Vanquished Creatures
  An adder (D:3)
  A dart slug (D:2)
  6 bats
  3 endoplasms
  A giant cockroach (D:1)
  A goblin (D:1)
  2 hobgoblins
  A jackal (D:1)
  2 kobolds
  4 ball pythons
  5 frilled lizards
  3 rats
30 creatures vanquished.

Vanquished Creatures (others)
  58 foxfires
58 creatures vanquished.

Grand Total: 88 creatures vanquished

Notes
Turn   | Place    | Note
-------+----------+-------------------------------------------
     0 | D:1      | Arcadio the Djinni Fire Elementalist began the quest for
                  | the Orb.
     0 | D:1      | Arcadio set off with the following spells memorised:
                  | Foxfire, Scorch, Volatile Blastmotes, Inner Flame, Flame
                  | Wave.
     0 | D:1      | Reached XP level 1. HP: 15/15 MP: 0/0
   212 | D:1      | Reached skill level 1 in Fighting
   212 | D:1      | Reached XP level 2. HP: 21/22 MP: 0/0
   998 | D:2      | Found a faded altar of an unknown god.
  1011 | D:2      | Reached XP level 3. HP: 26/27 MP: 0/0
  1011 | D:2      | Learned a level 1 spell: Freeze
  1077 | D:2      | Found Rischocso's Distillery.
  1149 | D:2      | Found Diud's Magic Scroll Shop.
  1162 | D:2      | Bought 2 scrolls of identify for 56 gold pieces
  1204 | D:2      | Found Qurin's Weapon Emporium.
  1367 | D:2      | Found Zyutidd's Armour Emporium.
  1559 | D:3      | Reached skill level 3 in Spellcasting
  1563 | D:3      | Slain by a worm

Illustrated notes

Levels and vault maps discovered:
D:1:      evilmike_arrival_rings, layout_basic, hangedman_decor_peaks_small,
          minmay_pentomino_q4
D:2:      layout_basic, serial_shops, nicolae_shop_peninsula,
          nicolae_shop_window_shopping, nicolae_shop_trees,
          nicolae_shop_tiny_statue_garden,
          hellmonk_ecumenical_altar_pennies_from_heaven
D:3:      minmay_recursive_quarters, layout_rooms, gammafunk_ghost_cemetery,
          uniq_terence, uniq_jessica

Skill      XL: |  1  2  3 |
---------------+----------+-----
Fighting       | 1 2 |  2.0
Spellcasting   | 3 |  3.0
Dodging        | |  2.1
Stealth        | |  1.5

Action                     || total
---------------------------++-------
  Melee: Unarmed           ||     5
         Dagger            ||     2
   Cast: Foxfire           ||    43
         Scorch            ||     8
    Use: Scroll            ||     6
 Armour: Robe              ||     3
  Dodge: Dodged            ||    13
